 Dungeon Crawl Stone Soup version 0.28.0-53-g5a82cb258f (webtiles) character file.

Game seed: 13300823874635473400

129 Sin92 the Skirmisher (level 4, -9/37 HPs)
             Began as a Demonspawn Fighter on July 4, 2022.
             Was a Priest of Cheibriados.
             Mangled by Menkaure (18 damage)
             ... on level 4 of the Dungeon.
             The game lasted 00:03:28 (3711 turns).

Sin92 the Skirmisher (Demonspawn Fighter)           Turns: 3711, Time: 00:03:29

Health: -9/37      AC:  6    Str: 25    XL:     4   Next: 88%
Magic:  4/4        EV:  8    Int: 16    God:    Cheibriados [***...]
Gold:   186        SH: 11    Dex: 26    Spells: 3/3 levels left

rFire   . . .      SeeInvis .   a - +0 war axe
rCold   . . .      Faith    .   p - +0 kite shield
rNeg    . . .      Spirit   .   b - +0 scale mail
rPois   .          Reflect  .   (helmet restricted)
rElec   .          Harm     .   (no cloak)
rCorr   .          Rampage  .   (no gloves)
Will    .....                   (no boots)
Stlth   +.........              (no amulet)
HPRegen 0.12/turn               n - +6 ring of dexterity
MPRegen 0.09/turn               (no ring)

@: very slow
A: horns 1
a: Renounce Religion, Bend Time, Temporal Distortion


You were on level 4 of the Dungeon.
You worshipped Cheibriados.
Cheibriados was most pleased with you.
You visited 1 branch of the dungeon, and saw 4 of its levels.

You collected 186 gold pieces.

Inventory:

Hand Weapons
 a - a +0 war axe (weapon)
Armour
 b - a +0 scale mail (worn)
 c - a +0 buckler
 p - a +0 kite shield (worn)
Jewellery
 n - a +6 ring of dexterity (left hand)
Scrolls
 g - 2 scrolls of identify
 l - 2 scrolls of fear
Potions
 d - 3 potions of might
 f - 4 potions of curing
 j - a potion of haste {unknown}
 m - a potion of heal wounds {unknown}


   Skills:
 + Level 3.7 Fighting
 * Level 3.1 Axes
 + Level 3.3 Armour
 + Level 3.3 Shields


You had 3 spell levels left.
You didn't know any spells.
Your spell library contained the following spells:

 Spells                   Type           Power      Damage    Failure   Level
 Sting                    Tmut/Pois      0%         1d3       88%         1
 Poisonous Vapours        Pois/Air       0%         N/A       95%         2
 Summon Guardian Golem    Hex/Summ       0%         N/A       99%         3
 Olgreb's Toxic Radiance  Pois           0%         N/A       100%        4
 Orb of Destruction       Conj           0%         9d5       100%        7
 Spellforged Servitor     Conj/Summ      0%         N/A       100%        7


Dungeon Overview and Level Annotations

Branches:
Dungeon (4/15)
 Temple: D:4-7

Altars:
Cheibriados

Shops:
D:1 *

Annotations:
D:4 Menkaure


Innate Abilities, Weirdness & Mutations

You have a pair of small horns on your head.


Message History

The kobold throws a stone.
The stone hits you but does no damage.
The kobold throws a stone.
You block the stone.
The kobold throws a stone.
The stone closely misses you. The kobold barely misses you.
You slash the kobold!
You kill the kobold!
Cheibriados appreciates the change of pace.
Cheibriados raises the support of your attributes as your movement slows.
Things that are here:
a +0 short sword; 4 stones A kobold comes into view.
It is wielding a +0 dagger.
The kobold throws a stone.
You block the stone.
The kobold throws a stone.
The stone barely misses you.
The kobold throws a stone.
You block the stone. You block the kobold's attack.
You closely miss the kobold. You headbutt the kobold.
You kill the kobold!
Cheibriados appreciates the change of pace.
Things that are here:
a +0 dagger; 4 stones; a kobold corpse You hear the slow hiss of a very distant avalanche of sand.
Menkaure, Prince of Dust comes into view.
Found a stone staircase leading down.
Menkaure shouts!
Menkaure mumbles some strange words.
Menkaure seems to speed up.
You hear a shout!
Menkaure blazes with dark energy!
A goblin comes into view. It is wielding a +0 dagger.
Menkaure calls on the powers of darkness!
Your body is wracked with pain!
The goblin convulses!
You barely miss Menkaure. You headbutt Menkaure!
Menkaure is moderately damaged.
Menkaure calls on the powers of darkness!
Your body is wracked with pain!
* * * LOW HITPOINT WARNING * * *
You barely miss Menkaure.
Menkaure is moderately damaged.
Menkaure hits you!!
You die...

#############
#...........#
#.#########.## #.#
##...## #.#
###.....########
#.#
#).......@M.g..#
#.#
#.#......#.###.#
#.#####.##...#.#.#
#.##†[.....).#.#..
#............#.####
####.##.####.#.>
##.##.# #.###
####.....# #.#
#.....#### ..


You could see Menkaure (fast) and a goblin.

Vanquished Creatures
  5 adders
  2 worms (D:2)
  4 dart slugs
  3 orcs (D:3)
  9 ball pythons
  4 bats
  6 endoplasms
  2 giant cockroaches
  8 goblins
  7 hobgoblins
  7 kobolds
  2 quokkas
  A frilled lizard (D:1)
  5 rats
65 creatures vanquished.

Notes
Turn   | Place    | Note
-------+----------+-------------------------------------------
     0 | D:1      | Sin92 the Demonspawn Fighter began the quest for the Orb.
     0 | D:1      | Reached XP level 1. HP: 18/18 MP: 1/1
    30 | D:1      | Found a faded altar of an unknown god.
    49 | D:1      | Prayed at the altar of an unknown god.
    49 | D:1      | Became a worshipper of Cheibriados the Contemplative
    49 | D:1      | Reached * piety under Cheibriados
   267 | D:1      | Found Hiver's Assorted Antiques.
   443 | D:1      | Gained mutation: You have a pair of small horns on your
                  | head. [demonic ancestry]
   443 | D:1      | Reached XP level 2. HP: 24/24 MP: 2/2
  1298 | D:2      | Reached XP level 3. HP: 29/29 MP: 3/3
  1769 | D:2      | Reached ** piety under Cheibriados
  2303 | D:3      | Reached XP level 4. HP: 4/35 MP: 4/4
  2984 | D:3      | Reached *** piety under Cheibriados
  3707 | D:4      | Noticed Menkaure
  3711 | D:4      | Mangled by Menkaure

Illustrated notes

Levels and vault maps discovered:
D:1:      saegor_arrival_fortress, layout_loops_ring,
          shapermc_ecumenical_altar_venn, serial_shops,
          nicolae_shop_advertising_works [nicolae_subvault_shop_adworks],
          chequers_big_river
D:2:      layout_basic, serial_corexii_hall, chequers_hall_statues_y,
          chequers_hall_statues_y, corexii_hall_statues_s,
          hangedman_abyss_or_decor_stabs
D:3:      layout_loops_ring, guppyfry_early_orc_mine
D:4:      layout_loops_ring, enter_ossuary_2, uniq_menkaure

Skill      XL: |  1  2  3  4 |
---------------+-------------+-----
Axes           | 2 3 |  3.1
Shields        | 3 |  3.3
Armour         | 3 |  3.3
Fighting       | |  3.7

Action                   |  1- 3 |  4- 6 || total
-------------------------+-------+-------++-------
Melee: War axe           |    78 |    57 ||   135
       Headbutt          |     3 |     9 ||    12
  Use: Scroll            |     2 |     6 ||     8
       Potion            |       |     1 ||     1
Armor: Scale mail        |    46 |    17 ||    63
Dodge: Dodged            |    34 |    33 ||    67
Block: Buckler           |    18 |     7 ||    25
       Kite shield       |       |    16 ||    16
